 Dungeon Crawl Stone Soup version 0.31-a0-1237-gabc64e7 (webtiles) character file.

Game seed: 6496441320902546727

71890 PublicAnimeNo1 the Basher (level 14, -17/114 HPs)
             Began as a Demonspawn Hedge Wizard on Dec 15, 2023.
             Was a High Priest of Vehumet.
             Demolished by an enormous slime creature (63 damage)
             ... on level 12 of the Dungeon.
             The game lasted 00:49:43 (22976 turns).

PublicAnimeNo1 the Basher (DsHW)                   Turns: 22976, Time: 00:49:44

Health: -17/114    AC: 11    Str: 12    XL:     14   Next: 99%
Magic:  14/27      EV: 16    Int: 18    God:    Vehumet [*****.]
Gold:   2735       SH: 10    Dex: 13    Spells: 16/32 levels left

rFire   + . .        f - +8 demon whip of a ziggurat {freeze, Will+}
rCold   . . .        U - +0 buckler
rNeg    . . .        F - +2 scale mail {rC+}
rPois   .            c - +0 hat
rElec   .            L - scarf {+Inv}
rCorr   .            W - +1 pair of gloves
SInv    .            (no boots)
Will    ++...        p - amulet of reflection
Stlth   ++           G - +5 ring of evasion
HPRegen 0.39/turn    q - ring of fire
MPRegen 0.20/turn

%: reflection
@: no status effects
A: antennae 1, powered by death 1, spiny 1, sturdy frame 2
a: Renounce Religion, Evoke Invisibility


You were on level 12 of the Dungeon.
You worshipped Vehumet.
Vehumet was extremely pleased with you.
You visited 4 branches of the dungeon, and saw 20 of its levels.
You also visited: Ice Cave.

You collected 2735 gold pieces.

Inventory:

Hand Weapons
 f - the +8 demon whip of a ziggurat (weapon) {freeze, Will+}
   (You acquired it on level 3 of the Dungeon)

   Will+:     It increases your willpower.
Missiles
 g - 4 throwing nets
Armour
 c - a +0 hat (worn)
 r - a +3 troll leather armour {Snorg}
 F - a +2 scale mail of cold resistance (worn)
 L - a scarf of invisibility (worn)
 U - a +0 buckler (worn)
 W - a +1 pair of gloves (worn)
Jewellery
 p - an amulet of reflection (around neck)
 q - a ring of fire (right hand)
 G - a +5 ring of evasion (left hand)
 R - a ring of poison resistance
 T - a ring of wizardry
 Y - a +4 ring of protection
Wands
 h - a wand of charming (27)
 y - a wand of flame (29)
 I - a wand of polymorph (3)
 O - a wand of light (8)
 Q - a wand of mindburst (4)
 X - a wand of roots (4)
 Z - a wand of digging (4)
Scrolls
 a - a scroll of enchant armour
 b - a scroll of identify
 j - 5 scrolls of fear
 o - 2 scrolls of enchant weapon
 u - 3 scrolls of fog
 w - 2 scrolls of poison
 x - a scroll of revelation
 z - 5 scrolls of teleportation
 C - 2 scrolls of blinking
 D - 3 scrolls of amnesia
 P - a scroll of vulnerability
 S - a scroll of brand weapon
 V - a scroll of immolation
Potions
 d - 4 potions of magic
 e - a potion of enlightenment
 i - 11 potions of curing
 k - 4 potions of invisibility
 l - a potion of ambrosia
 m - 3 potions of mutation
 n - a potion of cancellation
 s - 3 potions of brilliance
 t - 2 potions of lignification
 v - 3 potions of attraction
 B - 4 potions of heal wounds
 J - a potion of berserk rage
 M - 3 potions of haste
 N - 2 potions of resistance


   Skills:
 + Level 11.6 Fighting
 - Level 12.0 Maces & Flails
 - Level 4.7 Armour
 - Level 3.5 Dodging
 - Level 4.3 Stealth
 - Level 4.0 Shields
 + Level 9.7 Spellcasting
 - Level 4.9 Conjurations
 - Level 7.3 Summonings
 - Level 4.8 Translocations
 * Level 9.2 Fire Magic
 - Level 1.9 Air Magic
 - Level 2.0 Poison Magic
 - Level 7.1 Evocations


You had 16 spell levels left.
You knew the following spells:

 Your Spells              Type           Power      Damage    Failure   Level
a - Magic Dart            Conj           100%       1d8       1%          1
b - Call Imp              Summ           70%        N/A       1%          2
c - Mephitic Cloud        Conj/Pois/Air  19%        N/A       4%          3
d - Blink                 Tloc           52%        N/A       4%          2
e - Sticky Flame          Conj/Fire      50%        2d7       3%          4
f - Flame Wave            Conj/Fire      50%        2d12      3%          4

Your spell library contained the following spells:

 Spells                   Type           Power      Damage    Failure   Level
 Airstrike                Air            7%         2d(2-18)  22%         4
 Cigotuvi's Dreadful Rot  Necr/Pois/Air  26%        N/A       17%         2
 Necrotise                Necr           32%        1d5       19%         1
 Slow                     Hex            32%        N/A       19%         1
 Manifold Assault         Tloc           26%        N/A       26%         4
 Starburst                Conj/Fire      25%        6d8       36%         6
 Vampiric Draining        Necr           8%         2d6       50%         3
 Petrify                  Tmut/Erth      8%         N/A       88%         4
 Agony                    Necr           8%         N/A       99%         5
 Dispersal                Tloc           13%        N/A       99%         6
 Ignition                 Fire           29%        3d9       99%         8
 Disjunction              Tloc           13%        N/A       100%        8


Dungeon Overview and Level Annotations

Branches:
Dungeon (12/15)            Temple (1/1) D:6            Lair (5/5) D:11
 Shoals (0/4) Lair:3        Snake (0/4) Lair:2        Slime (0/5) Lair:5
    Orc (2/2) D:11            Elf (0/3) Orc:2         IceCv (visited)

Altars:
Ashenzari
Cheibriados
Dithmenos
Fedhas
Gozag
Hepliaklqana
Kikubaaqudgha
Makhleb
Nemelex Xobeh
Okawaru
Qazlal
Ru
Sif Muna
Trog
Uskayaw
Vehumet
Wu Jian
Xom
Yredelemnul
Jiyva

Shops:
D:5 ([   D:6 (   Orc:2 (([(

Annotations:
D:6 2 transporters, Caterwaul's ghost, amateur DrHu
D:8 exclusion: two-headed ogre
D:9 1 runed translucent door, PiratePeteNZ's ghost, journeyman DEFE
Lair:1 exclusion: door
Lair:4 exclusion: oklob plant
Lair:5 exclusion: oklob plant


Innate Abilities, Weirdness & Mutations

You have a pair of small antennae on your head.
You regenerate a little health from kills.
You are partially covered in sharp spines.
Your movements are less encumbered by armour. (ER -4)


Message History

The sticky flame hits the large slime creature!
The large slime creature is moderately wounded.
The large slime creature is covered in liquid flames!
The large slime creature burns!
The large slime creature is struck by your spines.
The large slime creature hits you!!
You whack the large slime creature! You freeze the large slime creature.
The large slime creature is severely wounded.
The large slime creature burns!
The large slime creature barely misses you.
You whack the large slime creature! You freeze the large slime creature.
The large slime creature is almost dead.
You hit the large slime creature. You freeze the large slime creature.
The large slime creature is almost dead.
The large slime creature burns!
Two slime creatures merge to form an enormous slime creature.
You whack the enormous slime creature! You freeze the enormous slime creature.
The enormous slime creature is heavily wounded.
Aiming: Sticky Flame (mildly dangerous; 3% risk of failure)
Press: ? - help, Q - select action, (/) - cycle Shift-Dir - straight line, f/p - enormous slime creature
Aim: an enormous slime creature (heavily wounded, covered in liquid flames)
You feel a surge of power!
The sticky flame hits the enormous slime creature!
The enormous slime creature is severely wounded.
The enormous slime creature is covered in liquid flames!
The enormous slime creature burns!
The enormous slime creature is struck by your spines.
The enormous slime creature hits you.
You whack the enormous slime creature! You freeze the enormous slime creature.
The enormous slime creature is severely wounded.
The enormous slime creature burns!
The enormous slime creature hits you!!!
You whack the enormous slime creature! You freeze the enormous slime creature.
The enormous slime creature is severely wounded.
You hit the enormous slime creature. You freeze the enormous slime creature.
The enormous slime creature is severely wounded.
The enormous slime creature burns!
The enormous slime creature is struck by your spines.
The enormous slime creature hits you!!!
Ouch! That really hurt!
You die...

.............#
########.###.#.# #.#
#.#$# #.# #.#.#####
#.###.#......
#...........
#####..##...#
#.........#.#####.#?.
#.####.##....@J..$..#
#.###..#####.###
#......!. #####..###
#... ##... ####.


You could see an enormous slime creature (burning).

Vanquished Creatures
  Kirke (Lair:5)
  A dire elephant (Lair:5)
  Snorg (Lair:5)
  Harold (D:10)
  5 hydras
  Erolcha (Orc:2)
  An ogre mage (Orc:2)
  A catoblepas (Lair:5)
  2 two-headed ogres
  A boulder beetle (Orc:1)
  A deep troll shaman (Lair:5)
  11 death yaks
  3 orc high priests (Orc:2)
  3 skysharks
  A lindwurm (Lair:5)
  Pikel (D:7)
  4 orc knights (Orc:2)
  2 orc sorcerers (Orc:2)
  An ugly thing (D:12)
  A cyclops (Orc:1)
  4 elephants (Lair:5)
  A merfolk siren (Lair:3)
  4 black mambas
  6 kobold blastminers
  An ice statue (IceCv)
  Maggie (Lair:1)
  13 cane toads
  An unseen horror (D:10)
  7 rime drakes
  A kobold demonologist (D:9)
  5 komodo dragons
  Psyche (D:12)
  2 ice devils (Lair:1)
  5 trolls
  Grinder (D:3)
  3 hornets
  8 polar bears
  21 blink frogs
  6 dream sheep (Lair:5)
  A slime creature (D:12)
  4 wyverns
  2 shadows
  7 hogs (Lair:5)
  3 basilisks
  67 yaks
  4 steam dragons
  3 nagas (Lair:2)
  21 water moccasins
  An acid dragon (D:9)
  A sky beast (D:7)
  10 orc warriors
  3 black bears
  5 centaurs
  6 ogres
  27 wolves
  2 lemures (D:7)
  2 phantoms (D:4)
  A kobold brigand (D:9)
  2 gnoll sergeants
  12 bullfrogs
  7 scorpions
  11 wights
  14 killer bees
  2 howler monkeys (D:10)
  A jelly (D:5)
  16 orc priests
  6 hounds
  Jessica (D:2)
  19 orc wizards
  5 sleepcaps
  3 iguanas
  6 gnolls
  7 adders
  2 white imps (D:5)
  6 ufetubi
  A worm (D:2)
  3 dart slugs
  67 orcs
  3 ball pythons
  4 endoplasms
  A giant cockroach (D:4)
  5 goblins
  6 hobgoblins
  3 quokkas
  3 bats
  2 frilled lizards (D:3)
  7 kobolds
  3 rats
532 creatures vanquished.

Vanquished Creatures (collateral kills)
  A boulder beetle (D:11)
  A blink frog (Lair:2)
  2 water moccasins (Lair:3)
  3 wolves (Lair:3)
  A bullfrog (Lair:3)
  An orc (D:10)
  A rat (D:2)
10 creatures vanquished.

Vanquished Creatures (others)
  2 death yaks
  An orc wizard (Orc:2)
  A gnoll (D:10)
4 creatures vanquished.

Grand Total: 546 creatures vanquished

Notes
Turn   | Place    | Note
-------+----------+-------------------------------------------
     0 | D:1      | PublicAnimeNo1 the Demonspawn Hedge Wizard began the quest
                  | for the Orb.
     0 | D:1      | Reached XP level 1. HP: 13/13 MP: 4/4
   798 | D:1      | Gained mutation: You are partially covered in sharp spines.
                  | [demonic ancestry]
   798 | D:1      | Reached XP level 2. HP: 20/20 MP: 1/6
   848 | D:1      | Learned a level 2 spell: Call Imp
   939 | D:1      | Reached skill level 1 in Fighting
  1514 | D:2      | Noticed Jessica
  1522 | D:2      | Killed Jessica
  1523 | D:2      | Reached XP level 3. HP: 14/26 MP: 0/7
  1738 | D:2      | Reached XP level 4. HP: 29/32 MP: 1/8
  2256 | D:3      | Noticed Grinder
  2273 | D:3      | Killed Grinder
  2274 | D:3      | Reached XP level 5. HP: 21/39 MP: 1/10
  2274 | D:3      | Reached XP level 6. HP: 24/46 MP: 1/11
  2394 | D:3      | Learned a level 3 spell: Mephitic Cloud
  2397 | D:3      | Learned a level 2 spell: Blink
  3200 | D:3      | Identified a scroll of acquirement
  3200 | D:3      | Acquired the +8 demon whip of a ziggurat {freeze, Will+}
  3307 | D:4      | Reached skill level 1 in Maces & Flails
  3315 | D:4      | Gained mutation: Your movements are slightly less
                  | encumbered by armour. (ER -2) [demonic ancestry]
  3315 | D:4      | Reached XP level 7. HP: 47/51 MP: 10/13
  4056 | D:5      | Entered Level 5 of the Dungeon
  4064 | D:4      | Reached skill level 2 in Maces & Flails
  4086 | D:5      | Noticed a hornet
  4091 | D:5      | Killed a hornet
  4239 | D:5      | Reached skill level 3 in Maces & Flails
  4247 | D:5      | Gained mutation: Your movements are less encumbered by
                  | armour. (ER -4) [demonic ancestry]
  4247 | D:5      | Reached XP level 8. HP: 22/57 MP: 9/14
  4477 | D:5      | Found Xopait's Weapon Boutique.
  4487 | D:5      | Found Disipt's Antique Armour Shop.
  4646 | D:5      | Reached skill level 4 in Maces & Flails
  5461 | D:6      | Reached skill level 5 in Maces & Flails
  5516 | D:6      | Found a transporter.
  5573 | D:6      | Noticed a rust devil
  5578 | D:6      | Noticed Caterwaul's ghost (amateur DrHu)
  5588 | D:6      | Noticed an ancient zyme
  5861 | D:6      | Found Teemneod's Antique Weapon Shoppe.
  5877 | D:6      | Found a transporter.
  6006 | D:6      | Reached skill level 6 in Maces & Flails
  6052 | D:6      | Reached skill level 5 in Fighting
  6052 | D:6      | Reached XP level 9. HP: 58/68 MP: 12/15
  6108 | D:6      | Found a basalt altar of Yredelemnul.
  6158 | D:6      | Found a staircase to the Ecumenical Temple.
  6176 | Temple   | Entered the Ecumenical Temple
  6186 | Temple   | Became a worshipper of Vehumet
  6616 | D:7      | Noticed Pikel
  6635 | D:7      | Killed Pikel
  6636 | D:7      | Reached skill level 7 in Maces & Flails
  6743 | D:7      | Found a stormy altar of Qazlal.
  6767 | D:7      | Found a sparkling altar of Nemelex Xobeh.
  7235 | D:7      | Reached skill level 1 in Translocations
  7281 | D:7      | Reached skill level 8 in Maces & Flails
  7945 | D:8      | Reached * piety under Vehumet
  7945 | D:8      | Offered knowledge of Sandblast by Vehumet.
  7995 | D:8      | Gained mutation: You regenerate a little health from kills.
                  | [demonic ancestry]
  7995 | D:8      | Reached XP level 10. HP: 58/77 MP: 6/16
  8267 | D:8      | Noticed a two-headed ogre
  8619 | D:9      | Reached skill level 9 in Maces & Flails
  8861 | D:9      | Found a hide-covered altar of Uskayaw.
  9021 | D:9      | Found a sacrificial altar of Ru.
  9077 | D:9      | Found a shimmering blue altar of Sif Muna.
  9113 | D:9      | Offered knowledge of Freeze by Vehumet.
  9277 | D:9      | Reached ** piety under Vehumet
  9452 | D:9      | Found a runed translucent door.
  9455 | D:9      | Noticed PiratePeteNZ's ghost (journeyman DEFE)
  9629 | D:9      | Found a shadowy altar of Dithmenos.
  9737 | D:10     | Entered Level 10 of the Dungeon
  9910 | D:10     | Reached skill level 1 in Armour
  9945 | D:10     | Reached skill level 10 in Maces & Flails
 10051 | D:10     | Found a blossoming altar of Fedhas.
 10078 | D:10     | Noticed Harold
 10092 | D:10     | Killed Harold
 10093 | D:10     | Reached skill level 5 in Spellcasting
 10168 | D:10     | Gained mutation: You have a pair of small antennae on your
                  | head. [demonic ancestry]
 10168 | D:10     | Reached XP level 11. HP: 75/85 MP: 15/18
 10939 | D:11     | Noticed a two-headed ogre
 10950 | D:11     | Killed a two-headed ogre
 11105 | D:11     | Noticed a boulder beetle
 11129 | D:11     | Killed a boulder beetle
 11174 | D:11     | Found a staircase to the Lair.
 11187 | D:11     | Found a staircase to the Orcish Mines.
 11211 | D:11     | Got the Precepts of Torrid Minerals
 11244 | D:11     | Reached skill level 1 in Poison Magic
 11405 | D:11     | Reached skill level 1 in Air Magic
 11568 | Lair:1   | Entered Level 1 of the Lair of Beasts
 11592 | Lair:1   | Noticed Maggie
 11631 | Lair:1   | Found a shadowy altar of Dithmenos.
 11758 | Lair:1   | Offered knowledge of Ignite Poison by Vehumet.
 11759 | Lair:1   | Reached skill level 1 in Shields
 11796 | Lair:1   | Noticed a four-headed hydra
 11824 | Lair:1   | Found a frozen archway.
 11936 | IceCv    | Entered an ice cave
 11944 | IceCv    | Reached skill level 11 in Maces & Flails
 11957 | IceCv    | Reached skill level 1 in Evocations
 12052 | IceCv    | Noticed a death yak
 12079 | IceCv    | Killed a death yak
 12105 | IceCv    | Reached *** piety under Vehumet
 12210 | IceCv    | Noticed a death yak
 12211 | IceCv    | Noticed a death yak
 12225 | IceCv    | Killed a death yak
 12246 | IceCv    | Killed a death yak
 12247 | IceCv    | Reached XP level 12. HP: 66/92 MP: 20/20
 12853 | IceCv    | Noticed a death yak
 12856 | IceCv    | Noticed a death yak
 12859 | IceCv    | Noticed a death yak
 12861 | IceCv    | Noticed a death yak
 12870 | IceCv    | Killed a death yak
 12889 | IceCv    | Killed a death yak
 12908 | IceCv    | Killed a death yak
 13068 | IceCv    | Killed a death yak
 13069 | IceCv    | Reached skill level 5 in Evocations
 13294 | IceCv    | Noticed a frost giant
 13294 | IceCv    | Noticed a death yak
 13327 | IceCv    | Reached skill level 12 in Maces & Flails
 13366 | IceCv    | Killed a death yak
 13999 | Lair:1   | Offered knowledge of Sticky Flame by Vehumet.
 14009 | Lair:1   | Learned a level 4 spell: Sticky Flame
 14209 | Lair:1   | Killed Maggie
 14393 | Lair:1   | Reached skill level 1 in Fire Magic
 14436 | Lair:1   | Noticed a seven-headed hydra
 14454 | Lair:1   | Killed a seven-headed hydra
 15069 | Lair:2   | Reached **** piety under Vehumet
 15227 | Lair:2   | Reached XP level 13. HP: 72/99 MP: 22/22
 15305 | Lair:2   | Offered knowledge of Flame Wave by Vehumet.
 15366 | Lair:2   | Identified the +0 chain mail of Bedevilment {Harm rF-
                  | Int+3}
 15719 | Lair:2   | You fall into a shaft and drop 1 floor!
 15970 | Lair:2   | Reached skill level 5 in Summonings
 16001 | Lair:2   | Found a staircase to the Snake Pit.
 16482 | Lair:2   | Learned a level 4 spell: Flame Wave
 17223 | Lair:3   | Found a staircase to the Shoals.
 17501 | Lair:4   | Found a hazy altar of Hepliaklqana.
 17622 | Lair:4   | Reached ***** piety under Vehumet
 17817 | Lair:4   | Offered knowledge of Olgreb's Toxic Radiance by Vehumet.
 18685 | Lair:5   | Entered Level 5 of the Lair of Beasts
 18700 | Lair:4   | Reached skill level 5 in Fire Magic
 18710 | Lair:5   | Reached skill level 10 in Fighting
 18728 | Lair:5   | Reached XP level 14. HP: 73/110 MP: 20/26
 18886 | Lair:5   | Found a viscous altar of Jiyva.
 18887 | Lair:5   | Found a staircase to the Slime Pits.
 19411 | Lair:5   | Acquired 997 gold pieces
 19574 | Lair:5   | Noticed Kirke
 19592 | Lair:5   | Killed Kirke
 19829 | Lair:5   | Noticed Snorg
 19859 | Lair:5   | Killed Snorg
 20946 | Orc:1    | Entered Level 1 of the Orcish Mines
 21066 | Orc:2    | Entered Level 2 of the Orcish Mines
 21096 | Orc:2    | Offered knowledge of Airstrike by Vehumet.
 21173 | Orc:2    | Found a staircase to the Elven Halls.
 21449 | Orc:2    | Noticed Erolcha
 21461 | Orc:2    | Killed Erolcha
 22106 | Orc:2    | Found an iron altar of Okawaru.
 22575 | Orc:2    | Found Plog's Weapon Emporium.
 22575 | Orc:2    | Found Lonemifi's Antique Weapon Shop.
 22577 | Orc:2    | Found Pifavius's Antique Armour Shop.
 22577 | Orc:2    | Found Gaitz's Weapon Emporium.
 22773 | D:12     | Noticed Psyche
 22779 | D:12     | Killed Psyche
 22976 | D:12     | Demolished by an enormous slime creature

Illustrated notes

Levels and vault maps discovered:
D:1:      dpeg_arrival_windows_large_door, layout_basic
D:2:      layout_basic, kennysheep_generic_room_12, uniq_jessica
D:3:      layout_rooms, roderic_roman_lattice, uniq_grinder
D:4:      layout_gridville
D:5:      layout_gridville, serial_shops, shop, shop, grunt_ministairs_15
D:6:      layout_loops_corners, lemuel_coloured_pillars_altar,
          minmay_temple_entry_glassed_door, serial_shops,
          nicolae_shop_real_fake_doors, gammafunk_ghost_abyssal_escape,
          nicolae_lava_and_water
D:7:      layout_basic, nicolae_qazlal_eye_of_the_storm,
          nemelex_diamond_rough_becter, uniq_pikel
D:8:      layout_loops_ring, special_room [special_room_orc],
          serial_park_tiny_pond
D:9:      layout_irregular_city, nicolae_ru_awakened_eye, marbit_many_paths,
          nicolae_overflow_crystal_walls, grunt_temple_overflow_open,
          ebering_ghost_inner_flame, minmay_misc_feat_secret_circle
D:10:     layout_irregular_city, fedhas_altar_3, uniq_harold
D:11:     layout_irregular_city, lair_entry_dummy, orc_0_dummy
D:12:     layout_loops_ring, hellmonk_sif_muna_bookshelves, uniq_psyche
Temple:   hellmonk_temple_flake
Lair:1:   layout_chaotic_city, basic_altar, portal_ice_cave_demonic_guard,
          minmay_shattered_shrine, infiniplex_staircase_pool,
          grunt_megastairs_5, uniq_maggie
Lair:2:   layout_loops_ring, nicolae_snake_entry_squirm,
          infiniplex_staircase_pool_2, grunt_megastairs_2
Lair:3:   layout_long_grid, mainiacjoe_shoals_entry_four_pools,
          hibernation_bobbens
Lair:4:   layout_cave_pods, lemuel_oklob_altar, grunt_megastairs_1
Lair:5:   grunt_lair_end_beastmaster, layout_regular_city, slime_entry_1,
          chequers_serial_rivers_micro_c, uniq_snorg, uniq_kirke
Orc:1:    layout_diamond_mine, serial_shops, shop, blackcustard_rock_pile
Orc:2:    grunt_orc_tribal_feast, layout_caves, okawaru_metal_pillars_1_2,
          uniq_erolcha

Skill      XL: |  1  2  3  4  5  6  7  8  9 10 11 12 13 14 |
---------------+-------------------------------------------+-----
Stealth        | 2 3 4 |  4.3
Fighting       | 1 2 5 6 7 8 10 11 | 11.6
Conjurations   | 2 3 4 |  4.9
Spellcasting   | 4 5 6 8 9 |  9.7
Maces & Flails | 1 3 6 8 10 11 12 | 12.0
Summonings     | 2 4 7 |  7.3
Translocations | 2 4 |  4.8
Dodging        | 2 3 |  3.5
Armour         | 1 4 |  4.7
Poison Magic   | 2 |  2.0
Air Magic      | 1 |  1.9
Shields        | 2 4 |  4.0
Evocations     | 3 7 |  7.1
Fire Magic     | 2 5 9 |  9.2

Action                     |  1- 3 |  4- 6 |  7- 9 | 10-12 | 13-15 || total
---------------------------+-------+-------+-------+-------+-------++-------
  Melee: Dagger            |    23 |    39 |       |       |       ||    62
         Demon whip        |       |    13 |   185 |   604 |   476 ||  1278
         Punch             |       |     1 |     1 |     5 |       ||     7
   Cast: Magic Dart        |    35 |    46 |   125 |    92 |    13 ||   311
         Call Imp          |     1 |     4 |    12 |    41 |    11 ||    69
         Mephitic Cloud    |       |       |     8 |    19 |     4 ||    31
         Sticky Flame      |       |       |       |     1 |    68 ||    69
         Blink             |       |       |       |     1 |     1 ||     2
         Flame Wave        |       |       |       |       |    30 ||    30
  Evoke: Wand              |       |       |       |    58 |     1 ||    59
    Use: Scroll            |     4 |     7 |     6 |     9 |     6 ||    32
         Potion            |       |       |     1 |     7 |       ||     8
   Stab: Sleeping          |       |     1 |     2 |     3 |     2 ||     8
         Distracted        |       |     1 |       |     6 |     2 ||     9
         Confused          |       |       |     4 |     9 |     1 ||    14
         Invisible         |       |       |       |    11 |       ||    11
         Petrified         |       |       |       |       |    10 ||    10
 Armour: Robe              |    16 |    20 |       |       |       ||    36
         Ring mail         |       |     6 |    98 |   134 |       ||   238
         Scale mail        |       |       |       |    99 |   262 ||   361
         Skin              |       |       |       |     1 |       ||     1
  Dodge: Dodged            |     9 |    22 |    64 |   178 |   275 ||   548
  Block: Other             |       |    10 |    28 |    26 |       ||    64
         Reflection        |       |       |     1 |     3 |    16 ||    20
         Buckler           |       |       |       |    93 |   245 ||   338

Table legend: (Time is in decaauts)
 A = Elapsed time spent in this place.
 B = Non-inter-level travel time spent in this place.
 C = Inter-level travel time spent in this place.
 D = Time resting spent in this place.
 E = Time spent auto-exploring this place.
 F = Levels seen in this place.
 G = Mean time per level.
                   A        B        C        D        E       F      G
               +--------+--------+--------+--------+--------+-----+--------+
         Total |  22535 |  21856 |    679 |   4655 |  13648 |  21 | 1073.1 |
       Dungeon |  11677 |  11311 |    366 |   1170 |   8676 |  12 |  973.1 |
        Temple |     20 |      2 |     18 |      0 |      0 |   1 |   20.0 |
          Lair |   7150 |   6967 |    183 |   1479 |   4181 |   5 | 1430.0 |
  Orcish Mines |   1761 |   1650 |    111 |    802 |    577 |   2 |  880.5 |
      Ice Cave |   1925 |   1925 |      0 |   1204 |    214 |   1 | 1925.0 |
               +--------+--------+--------+--------+--------+-----+--------+

Top non-repeatable levels by time:
  Lair:5: 2116 daAuts
   IceCv: 1925 daAuts
  Lair:1: 1401 daAuts
   Orc:2: 1390 daAuts
  Lair:2: 1338 daAuts
  Lair:4: 1296 daAuts
     D:1: 1293 daAuts
     D:9: 1220 daAuts
     D:6: 1171 daAuts
     D:8: 1130 daAuts
     D:5: 1110 daAuts
     D:3: 1078 daAuts
    D:10: 1035 daAuts
  Lair:3: 997 daAuts
     D:7: 937 daAuts
